 Dungeon Crawl Stone Soup version 0.28.0-43-g3370ac3207 (webtiles) character file.

Game seed: 10561246878546120439

357 pkoi the Gusty (level 6, -3/32 HPs)
             Began as a Deep Elf Air Elementalist on Mar 16, 2022.
             Slain by a gnoll
             ... wielding a +0 whip
              (6 damage)
             ... on level 4 of the Dungeon.
             The game lasted 00:02:35 (3479 turns).

pkoi the Gusty (Deep Elf Air Elementalist)          Turns: 3479, Time: 00:02:35

Health: -3/32      AC:  2    Str:  5    XL:     6   Next: 37%
Magic:  6/12       EV: 12    Int: 22    God:
Gold:   34         SH:  0    Dex: 15    Spells: 3/11 levels left

rFire   . . .      SeeInvis .   g - +3 scimitar (freeze)
rCold   . . .      Faith    .   (no shield)
rNeg    . . .      Spirit   .   a - +0 robe
rPois   .          Reflect  .   (no helmet)
rElec   .          Harm     .   (no cloak)
rCorr   .          Rampage  .   (no gloves)
Will    .....                   (no boots)
Stlth   ++........              (no amulet)
HPRegen 0.10/turn               (no ring)
MPRegen 0.13/turn               (no ring)

@: no status effects
A: no striking features
a: no special abilities


You were on level 4 of the Dungeon.
You visited 1 branch of the dungeon, and saw 3 of its levels.

You collected 34 gold pieces.

Inventory:

Hand Weapons
 e - a +2 falchion
 g - a +3 scimitar of freezing (weapon)
 i - a +0 whip
Armour
 a - a +0 robe (worn)
Jewellery
 d - a ring of fire
Potions
 b - a potion of curing
 c - a potion of flight {unknown}
 f - 2 potions of haste
 h - a potion of resistance


   Skills:
 - Level 2.4 Dodging
 - Level 2.4 Stealth
 - Level 3.0 Spellcasting
 - Level 1.1 Conjurations
 + Level 7.2 Air Magic


You had 3 spell levels left.
You knew the following spells:

 Your Spells              Type           Power      Damage    Failure   Level
a - Shock                 Conj/Air       84%        1d8       2%          1
b - Swiftness             Air            35%        N/A       1%          3
c - Airstrike             Air            17%        N/A       6%          4

Your spell library contained the following spells:

 Spells                   Type           Power      Damage    Failure   Level
 Static Discharge         Conj/Air       21%        N/A       3%          2
 Dazzling Flash           Conj/Hex       10%        N/A       30%         3
 Iskenderun's Mystic Bla  Conj/Tloc      5%         2d3       69%         4
 Starburst                Conj/Fire      2%         6d3       100%        6


Dungeon Overview and Level Annotations

Branches:
Dungeon (2/15)

Altars:

Shops:
D:1 ?


Message History

There are monsters nearby!
The zap misses the orc.
The gnoll shouts!
The gnoll drinks a potion.
The gnoll seems to speed up.
The zap hits the orc.
The orc is lightly wounded.
The zap misses the orc.
The zap hits the gnoll but does no damage.
The zap hits the gnoll.
The gnoll is lightly wounded.
The gnoll hits you with a +0 whip!
* * * LOW HITPOINT WARNING * * *
A gnoll comes into view. It is wielding a +0 whip.
You are too injured to fight recklessly!
You are too injured to fight recklessly!
You are too injured to fight recklessly!
You are too injured to fight recklessly!
Unknown command.
The gnoll hits you with a +0 whip!
* * * LOW HITPOINT WARNING * * *
The gnoll hits you with a +0 whip!
* * * LOW HITPOINT WARNING * * *
There is an open door here.
The gnoll hits you with a +0 whip.
* * * LOW HITPOINT WARNING * * *
Aiming: Shock (safe; 2% risk of failure)
Press: ? - help, Q - select action, (/) - cycle Shift-Dir - straight line, p - gnoll The zap misses the gnoll.
The zap hits the gnoll.
The gnoll is heavily wounded.
The gnoll shouts!
The gnoll hits you with a +0 whip.
* * * LOW HITPOINT WARNING * * *
Unknown command.
Unknown command.
Aiming: Shock (safe; 2% risk of failure)
Press: ? - help, Q - select action, (/) - cycle Shift-Dir - straight line The zap misses the gnoll.
The zap hits the gnoll.
The gnoll is severely wounded.
The gnoll barely misses you. The gnoll hits you with a +0 whip.
You die...

......................#
.....................#
#........###.#.......#
#........#.'.#.......########
###.)....###.#≈###.............
..)##+####.#.#≈#.#.............
...'....#..#.#≈#.#.............
...#....#..#.+.#.g...g.........
...#....'..###.#@#.............
...##'####.......##############
#####...########## #.......#
#.......# #.......# #......##
#......# ########


You could see 2 gnolls.

Vanquished Creatures
  A water moccasin (D:4)
  5 wights (D:4)
  2 adders (D:2)
  2 worms
  A dart slug (D:1)
  An orc (D:4)
  A bat (D:1)
  An endoplasm (D:1)
  2 giant cockroaches (D:2)
  A goblin (D:4)
  4 hobgoblins
  3 kobolds (D:1)
  A ball python (D:1)
  A frilled lizard (D:2)
  2 rats (D:1)
28 creatures vanquished.

Notes
Turn   | Place    | Note
-------+----------+-------------------------------------------
     0 | D:1      | pkoi the Deep Elf Air Elementalist began the quest for the
                  | Orb.
     0 | D:1      | Reached XP level 1. HP: 10/10 MP: 6/6
    55 | D:1      | Found Jushruty's Magic Scroll Shoppe.
   788 | D:1      | Reached XP level 2. HP: 15/15 MP: 1/8
  1177 | D:2      | Reached skill level 4 in Air Magic
  1503 | D:2      | Reached XP level 3. HP: 19/19 MP: 7/9
  1804 | D:2      | Found a faded altar of an unknown god.
  1832 | D:2      | You fall into a shaft and drop 2 floors!
  1837 | D:4      | Learned a level 3 spell: Swiftness
  2077 | D:4      | Reached skill level 5 in Air Magic
  2077 | D:4      | Reached XP level 4. HP: 6/24 MP: 2/10
  2318 | D:4      | Reached skill level 6 in Air Magic
  2318 | D:4      | Reached XP level 5. HP: 11/28 MP: 0/11
  3060 | D:4      | Noticed a water moccasin
  3069 | D:4      | Killed a water moccasin
  3070 | D:4      | Reached skill level 7 in Air Magic
  3070 | D:4      | Reached XP level 6. HP: 15/32 MP: 6/12
  3434 | D:4      | Learned a level 4 spell: Airstrike
  3479 | D:4      | Slain by a gnoll

Illustrated notes

Levels and vault maps discovered:
D:1:      evilmike_arrival_rings, layout_loops_ring, serial_shops,
          nicolae_diamond_shop, amcnicky_mini_rare_corridor_liquid
D:2:      layout_basic, dreamdust_ecumenical_altar_angels_and_demons
D:4:      layout_gridville, corexii_corridor_pit, kennysheep_generic_room_8

Skill      XL: |  1  2  3  4  5 |
---------------+----------------+-----
Air Magic      | 4 5 6 7 |  7.2
Dodging        | |  2.4
Stealth        | |  2.4
Spellcasting   | |  3.0
Conjurations   | |  1.1

Action                   |  1- 3 |  4- 6 || total
-------------------------+-------+-------++-------
Melee: Whip              |     1 |       ||     1
       Falchion          |       |     1 ||     1
 Cast: Shock             |    73 |    37 ||   110
  Use: Scroll            |     5 |       ||     5
Dodge: Dodged            |     6 |     8 ||    14
